 Dungeon Sprint DCSS version 0.19.3 (webtiles) character file.

10869 Naow the Shatterer (level 11, -7/149 HPs)
             Began as an Ogre Hunter on Jan 22, 2017.
             Was the Champion of the Shining One.
             Killed by divine providence
             ... invoked by an orc high priest
              (15 damage)
             ... in the Dungeon (Sprint IX: "|||||||||||||||||||||||||||||").
             The game lasted 00:07:21 (3233 turns).

Naow the Shatterer (Ogre Hunter)                    Turns: 3233, Time: 00:07:21

Health: -7/149     AC:  4    Str: 25    XL:     11   Next: 68%
Magic:  21/21      EV: 11    Int: 10    God:    the Shining One [******]
Gold:   1274       SH:  0    Dex: 13    Spells: 0 memorised, 10 levels left

rFire  . . .     SeeInvis .     n - +2 morningstar (protect)
rCold  . . .     Gourm    .     b - +0 robe
rNeg   + + +     Faith    .     (no shield)
rPois  .         Spirit   .     (helmet restricted)
rElec  .         Reflect  .     y - +0 cloak
rCorr  .         Harm     .     (gloves unavailable)
MR     +....     NoTele   +     (boots unavailable)
Stlth  +.........               (no amulet)
                                p - +3 ring of dexterity
                                o - +3 ring of strength

@: glowing
A: unfitting armour, tough skin 1
a: Divine Shield, Cleansing Flame, Summon Divine Warrior, Brand Weapon With Holy
Wrath, Renounce Religion


You were in the Dungeon.
You worshipped the Shining One.
The Shining One was exalted by your worship.
You were hungry.

You visited 1 branch You collected 1274 gold pieces.

Inventory:

Hand Weapons
 a - a +0 short sword
 n - a +2 morningstar of protection (weapon)
Missiles
 c - 10 large rocks (quivered)
 d - 3 throwing nets
Armour
 b - a +0 robe (worn)
 y - a +0 cloak (worn)
Jewellery
 o - a +3 ring of strength (left hand)
 p - a +3 ring of dexterity (right hand)
Wands
 f - a wand of iceblast (7/15)
 m - a wand of iceblast (7/15)
Scrolls
 j - 5 scrolls of remove curse
 k - 2 scrolls of blinking
 l - 2 scrolls of amnesia
 s - 2 scrolls of enchant armour
 t - a scroll of recharging
 u - 2 scrolls of fear
Potions
 e - 6 potions of curing
 g - 2 potions of heal wounds
 h - a potion of might
 i - 4 potions of magic
 q - a potion of mutation {unknown}
 r - 3 potions of cure mutation
Comestibles
 v - 40 fruits
 w - 12 bread rations
 x - 12 meat rations


   Skills:
 - Level 20.8 Fighting
 - Level 21.4 Maces & Flails
 - Level 4.0 Throwing
 * Level 3.3 Dodging
 - Level 0.6 Stealth
 - Level 13.8 Invocations


You had 10 spell levels left.
You didn't know any spells.

Dungeon Overview and Level Annotations

Branches:
Dungeon (1/1)

Altars:
Cheibriados
Dithmenos
Elyvilon
Fedhas
Gozag
Hepliaklqana
Kikubaaqudgha
Makhleb
Nemelex Xobeh
Okawaru
Qazlal
Ru
Sif Muna
Trog
Uskayaw
Vehumet
Xom
Yredelemnul
Zin
The Shining One
Beogh
Jiyva
Lugonu

Shops:
D :


Innate Abilities, Weirdness & Mutations

You are too large for most types of armour.
You have tough skin. (AC +1)


Message History

Things that are here:
a short sword of venom; a ring mail
c - 10 large rocks (gained 7);
f - a wand of iceblast;
q - a silvery potion
l - 2 scrolls of amnesia (gained 1)
You now have 1274 gold pieces (gained 13).
Things that are here:
a dagger; a glowing cloak The orc knight roars a battlecry!
You start resting.
There is an open door here.
The orc high priest no longer looks unusually strong.
The orc knight hits you with a great sword!!
* * * LOW HITPOINT WARNING * * *
There is an open door here.
The orc high priest utters an invocation to Beogh.
You see here a +0 pair of boots.
You see here a +0 pair of boots.
The orc high priest invokes the aid of Beogh against you.
Beogh smites you!
You die...

▓'▓.▓4▓.▓
▓.▓.▓.▓.▓
▓.▓.▓3▓.▓
▓.▓.▓o▓.▓
▓.▓.▓.▓.▓
▓.▓.▓[▓)▓
▓)▓.▓o▓)▓
▓)▓.▓[▓o▓
▓.▓.▓@▓.▓
▓.▓.▓.▓.▓
▓.▓.▓.▓.▓
▓.▓.▓'▓.▓
▓.▓.▓[▓.▓
▓)▓.▓.▓.▓
▓)▓.▓)▓.▓
▓.▓.▓.▓.▓
▓.▓.▓.▓.▓


You could see an orc knight, an orc high priest and a sun demon.

Vanquished Creatures
  Harold (D)
  2 orc high priests (D)
  Urug (D)
  2 orc knights (D)
  2 hill giants (D)
  An orc sorcerer (D)
  A cyclops (D)
  2 spiny frogs (D)
  Maurice (D)
  A gargoyle (D)
  6 polar bears (D)
  A blink frog (D)
  A hippogriff (D)
  A wyvern (D)
  3 water moccasins (D)
  2 porcupines (D)
  10 orc warriors (D)
  3 black bears (D)
  A wolf (D)
  A centaur (D)
  7 crocodiles (D)
  A bullfrog (D)
  3 orc priests (D)
  4 orc wizards (D)
  A worker ant (D)
  An ooze (D)
  A worm (D)
  A leopard gecko (D)
  6 orcs (D)
  A bat skeleton (D)
  2 jackals (D)
  2 kobolds (D)
  A frilled lizard (D)
  2 jackal zombies (D)
  A rat (D)
77 creatures vanquished.

Vanquished Creatures (collateral kills)
  An orc knight (D)
1 creature vanquished.

Grand Total: 78 creatures vanquished

Notes
Turn   | Place    | Note
-------+----------+-------------------------------------------
     0 | D        | Naow the Ogre Hunter began the quest for the Orb.
     0 | D        | Reached XP level 1. HP: 22/22 MP: 1/1
    37 | D        | Reached skill level 5 in Fighting
   309 | D        | Noticed a worker ant
   312 | D        | Reached XP level 2. HP: 35/35 MP: 2/2
   324 | D        | Reached XP level 3. HP: 38/49 MP: 3/3
   579 | D        | Found a roughly hewn altar of Beogh.
   579 | D        | Found a snail-covered altar of Cheibriados.
   579 | D        | Found a shadowy altar of Dithmenos.
   579 | D        | Found a white marble altar of Elyvilon.
   579 | D        | Found a blossoming altar of Fedhas.
   579 | D        | Found an opulent altar of Gozag.
   580 | D        | Found a hazy altar of Hepliaklqana.
   581 | D        | Found a viscous altar of Jiyva.
   582 | D        | Found an ancient bone altar of Kikubaaqudgha.
   583 | D        | Found a corrupted altar of Lugonu.
   584 | D        | Found a burning altar of Makhleb.
   585 | D        | Found a sparkling altar of Nemelex Xobeh.
   586 | D        | Found an iron altar of Okawaru.
   587 | D        | Found a stormy altar of Qazlal.
   588 | D        | Found a sacrificial altar of Ru.
   589 | D        | Found a deep blue altar of Sif Muna.
   590 | D        | Found a bloodstained altar of Trog.
   591 | D        | Found a hide-covered altar of Uskayaw.
   592 | D        | Found a radiant altar of Vehumet.
   593 | D        | Found a shimmering altar of Xom.
   594 | D        | Found a basalt altar of Yredelemnul.
   595 | D        | Found a glowing silver altar of Zin.
   596 | D        | Found a glowing golden altar of the Shining One.
   604 | D        | Became a worshipper of the Shining One
   626 | D        | Noticed a black bear
   626 | D        | Noticed a hill giant
   626 | D        | Reached * piety under the Shining One
   626 | D        | Noticed a centaur
   626 | D        | Noticed a hill giant
   633 | D        | Killed a hill giant
   633 | D        | Reached XP level 4. HP: 80/80 MP: 4/4
   633 | D        | Reached XP level 5. HP: 88/88 MP: 5/5
   633 | D        | Reached XP level 6. HP: 97/97 MP: 6/6
   633 | D        | Reached XP level 7. HP: 105/105 MP: 7/7
   642 | D        | Killed a hill giant
   642 | D        | Reached XP level 8. HP: 67/120 MP: 8/8
   860 | D        | Reached ** piety under the Shining One
   860 | D        | Noticed a cyclops
   860 | D        | Noticed a gargoyle
   860 | D        | Noticed a wyvern
   861 | D        | Reached *** piety under the Shining One
   864 | D        | Killed a wyvern
   864 | D        | Reached skill level 5 in Maces & Flails
   868 | D        | Killed a gargoyle
   868 | D        | Reached skill level 9 in Maces & Flails
   872 | D        | Killed a cyclops
   872 | D        | Reached skill level 11 in Maces & Flails
   872 | D        | Reached XP level 9. HP: 53/131 MP: 9/9
   877 | D        | Reached skill level 12 in Maces & Flails
  1240 | D        | Noticed a spiny frog
  1240 | D        | Reached **** piety under the Shining One
  1254 | D        | Reached skill level 13 in Maces & Flails
  1258 | D        | Killed a spiny frog
  1258 | D        | Reached skill level 14 in Maces & Flails
  1259 | D        | Reached skill level 15 in Maces & Flails
  1275 | D        | Reached skill level 16 in Maces & Flails
  1532 | D        | Reached ***** piety under the Shining One
  1538 | D        | Noticed a spiny frog
  1543 | D        | Reached XP level 10. HP: 134/140 MP: 10/12
  1560 | D        | Reached skill level 17 in Maces & Flails
  1560 | D        | Reached skill level 5 in Invocations
  1563 | D        | Killed a spiny frog
  1771 | D        | Reached skill level 18 in Maces & Flails
  1881 | D        | Noticed Maurice
  1882 | D        | Noticed Harold
  1899 | D        | Killed Maurice
  1910 | D        | Killed Harold
  1910 | D        | Reached skill level 19 in Maces & Flails
  1910 | D        | Reached skill level 10 in Invocations
  1910 | D        | Reached XP level 11. HP: 119/149 MP: 17/19
  1953 | D        | Noticed Urug
  1964 | D        | Killed Urug
  2281 | D        | Reached ****** piety under the Shining One
  2329 | D        | Reached skill level 20 in Maces & Flails
  2824 | D        | Noticed an orc knight
  2829 | D        | Noticed an orc high priest
  2830 | D        | Killed an orc knight
  2850 | D        | Noticed an orc sorcerer
  2853 | D        | Killed an orc high priest
  2856 | D        | Noticed a sun demon
  2859 | D        | Killed an orc sorcerer
  2860 | D        | Noticed an orc knight
  2862 | D        | Reached skill level 21 in Maces & Flails
  2871 | D        | Killed an orc knight
  3089 | D        | Found Cucam's Book Boutique.
  3089 | D        | Noticed an orc knight
  3089 | D        | Noticed an orc high priest
  3089 | D        | Noticed an orc knight
  3089 | D        | Noticed an orc knight
  3089 | D        | Noticed an orc high priest
  3098 | D        | Killed an orc high priest
  3112 | D        | Killed an orc knight
  3123 | D        | HP: 7/149 [poisoned by an orc high priest]
  3128 | D        | HP: 6/149 [poisoned by an orc high priest]
  3133 | D        | HP: 6/149 [poisoned by an orc high priest]
  3140 | D        | HP: 6/149 [poisoned by an orc high priest]
  3148 | D        | HP: 7/149 [poisoned by an orc high priest]
  3226 | D        | HP: 5/149 [orc knight/great sword (28)]
  3230 | D        | Noticed a sun demon
  3233 | D        | Killed from afar by an orc high priest

Skill      XL: |  1  2  3  4  5  6  7  8  9 10 11 |
---------------+----------------------------------+-----
Fighting       | 5 8 17 20 | 20.8
Maces & Flails | 11 16 19 21 | 21.4
Invocations    | 3 10 13 | 13.8
Dodging        | 3 |  3.3
Throwing       | |  4.0
Stealth        | |  0.6

Action                   |  1- 3 |  4- 6 |  7- 9 | 10-12 || total
-------------------------+-------+-------+-------+-------++-------
Melee: Short sword       |    54 |       |       |    53 ||   107
       Morningstar       |     6 |       |    83 |   133 ||   222
Invok: Divine Shield     |       |       |       |     3 ||     3
       Summon Divine War |       |       |       |     1 ||     1
  Use: Potion            |     2 |       |       |     2 ||     4
  Eat: Bread ration      |       |       |     1 |       ||     1
       Chunk             |       |       |       |     3 ||     3
Armor: Robe              |    13 |       |    13 |    42 ||    68
Dodge: Dodged            |    27 |       |    30 |    47 ||   104
Block: Other             |       |       |       |    24 ||    24
